 Dungeon Crawl Stone Soup version 0.25.1-2-g60ff931df9 (webtiles) character file.

Game seed: 8935557617230258814

41 HawFromDerth the Chiller (level 3, 0/26 HPs)
             Began as a Demigod Ice Elementalist on Sept 20, 2020.
             Succumbed to hobgoblin's curare-tipped dart
             ... on level 2 of the Dungeon.
             The game lasted 00:03:08 (1276 turns).

HawFromDerth the Chiller (Demigod Ice Elementalist) Turns: 1276, Time: 00:03:09

Health: 0/26       AC:  2    Str: 11    XL:     3   Next: 16%
Magic:  4/8        EV: 13    Int: 21    God:
Gold:   55         SH:  0    Dex: 16    Spells: 4/5 levels left

rFire    . . .     SeeInvis .   (no weapon)
rCold    . . .     Gourm    .   (no shield)
rNeg     . . .     Faith    .   a - +0 robe
rPois    .         Spirit   .   (no helmet)
rElec    .         Reflect  .   b - scarf {harm}
rCorr    .         Harm     +   (no gloves)
MR       .....                  (no boots)
Stlth    ++........             (no amulet)
HPRegen  0.08/turn              (no ring)
MPRegen  0.11/turn              (no ring)

@: lethally poisoned (0 -> -11), very slightly contaminated, slowed, very slow
A: high mp 1
a: no special abilities


You were on level 2 of the Dungeon.
You were hungry.

You visited 1 branch of the dungeon, and saw 2 of its levels.

You collected 55 gold pieces.

Inventory:

Armour
 a - a +0 robe (worn)
 b - a scarf of harm (worn)
Scrolls
 g - a scroll of amnesia
Potions
 d - 2 potions of haste
Comestibles
 c - 3 rations
 f - a chunk of flesh


   Skills:
 + Level 2.0 Dodging
 + Level 1.8 Stealth
 + Level 0.1 Unarmed Combat
 + Level 1.9 Spellcasting
 * Level 4.4 Ice Magic


You had 4 spell levels left.
You knew the following spells:

 Your Spells              Type           Power        Failure   Level  Hunger
a - Freeze                Ice            ###.         2%          1    #......

Your spell library contained the following spells:

 Spells                   Type           Power        Failure   Level  Hunger
 Frozen Ramparts          Ice            ###...       7%          3    ###....
 Ozocubu's Armour         Chrm/Ice       ##......     19%         3    ###....
 Hailstorm                Conj/Ice       ##......     52%         4    #####..
 Summon Ice Beast         Ice/Summ       ##......     52%         4    #####..


Dungeon Overview and Level Annotations

Branches:
Dungeon (2/15)


Innate Abilities, Weirdness & Mutations

You have an increased reservoir of magic. (+10% MP)


Message History

Aiming: Freeze (safe; 2% risk of failure)
Press: ? - help, Shift-Dir - straight line, f - adder
Aim: an adder You miscast Freeze.
You are very lightly contaminated with residual magic.
Nothing appears to happen.
* * * LOW HITPOINT WARNING * * *
You feel sick. The adder barely misses you. The hobgoblin hits you.
* * * LOW HITPOINT WARNING * * *
The adder closely misses you.
Unknown command.
Unknown command.
Casting: Freeze (safe; 2% risk of failure)
Confirm with . or Enter, or press ? or * to list all spells.
Aiming: Freeze (safe; 2% risk of failure)
Press: ? - help, Shift-Dir - straight line, f/p - adder
Aim: an adder You freeze the adder.
The adder is moderately wounded.
You die...

### #.# #.#
#.# #.# #.#
#.#
#####+#####.#
...(.....##.#
......S@((..#
......g..##.#
#####'#####.#
#.. #.# #..
#.# #... #.#
#.. #.# #..
.#


You could see an adder and a hobgoblin.

Vanquished Creatures
  An adder (D:2)
  A dart slug (D:1)
  3 bats (D:1)
  3 giant cockroaches (D:1)
  5 goblins
  4 hobgoblins (D:1)
  A frilled lizard (D:1)
  5 kobolds (D:1)
  3 rats
26 creatures vanquished.

Notes
Turn   | Place    | Note
-------+----------+-------------------------------------------
     0 | D:1      | HawFromDerth the Demigod Ice Elementalist began the quest
                  | for the Orb.
     0 | D:1      | Reached XP level 1. HP: 14/14 MP: 5/5
   275 | D:1      | Reached skill level 4 in Ice Magic
   275 | D:1      | Reached XP level 2. HP: 20/20 MP: 2/7
  1274 | D:2      | Reached XP level 3. HP: 10/26 MP: 6/8
  1275 | D:2      | HP: 1/26 [hobgoblin (3)]
  1276 | D:2      | Succumbed to hobgoblin's curare-tipped dart

Illustrated notes

Levels and vault maps discovered:
D:1:      wander_arrival_peaceful_grave, layout_basic, minivault_26,
          chequers_jeans
D:2:      kennysheep_six_static_rooms, layout_basic

Skill      XL: |  1  2 |
---------------+-------+-----
Ice Magic      | 4 |  4.4
Dodging        | 2 |  2.0
Stealth        | |  1.8
Unarmed Combat | |  0.1
Spellcasting   | |  1.9

Action                   || total
-------------------------++-------
Melee: Unarmed           ||    35
 Cast: Freeze            ||    33
  Use: Scroll            ||     2
       Potion            ||     2
 Stab: Sleeping          ||     1
  Eat: Chunk             ||     1
Armor: Robe              ||     9
Dodge: Dodged            ||    52
